Login

Giants vs Jets

Created - April 14, 2024 at 12:59

Goals
1 2 3 OT1 SO T
Giants 0 1 0 0 0 1
Jets 0 0 1 0 1 2
Shots
1 2 3 OT1 SO T
Giants 6 6 8 4 3 24
Jets 6 4 8 4 2 22

GoalsPenalties
1st period
No Goal
Timo Meier (ULS) for Interference (Minor) at 2:05
Morgan Rielly (INV) for Hooking (Minor) at 16:59
2nd period
1. Giants , Vincent Trocheck 15 (Joel Edmundson 12, El Burrito Peligroso 21) at 13:12
Alex Pietrangelo (ULS) for Hooking (Minor) at 7:04
3rd period
2. Jets , Mark Scheifele 20 (Aleksander Barkov 40, Jonas Brodin 6) at 8:56 (PP)
El Burrito Peligroso (ULS) for Tripping (Minor) at 2:22
Joel Edmundson (ULS) for Delaying the game (Minor) at 8:44
Overtime #1
No Goal
Shootout
Giants, Nikita Kucherov - Stopped by Connor Hellebuyck
Jets, Aleksander Barkov - Stopped by Juuse Saros
Giants, Alex Ovechkin - Shot Misses the Net
Jets, Mark Scheifele - Goal!
Giants, Sidney Crosby - Stopped by Connor Hellebuyck
Goalie Stats
Juuse Saros (ULS), 21 saves from 22 shots - (0.955), OTL, 39-20-7, 65:00 minutes
Connor Hellebuyck (INV), 23 saves from 24 shots - (0.958), W, 32-22-4, 65:00 minutes
3 StarsOfficial
1 - Connor Hellebuyck (INV)
2 - Juuse Saros (ULS)
3 - Vincent Trocheck (ULS)
Referees : Unknown
Linesman : Unknown
Game Note
Joel Edmundson is injured at 16:26 of 3rd period (Sprained Right Finger)
Finance
Level 1 -- Attendance: 4610 (76.83%) -- Ticket Income $461,000
Level 2 -- Attendance: 3709 (74.18%) -- Ticket Income $222,540
Level 3 -- Attendance: 1580 (79.00%) -- Ticket Income $55,300
Level 4 -- Attendance: 3073 (76.83%) -- Ticket Income $76,825
Luxury Box -- Attendance: 949 (94.90%) -- Ticket Income $189,800
Game was played at the Horn O Plenty.
Total Attendance: 13921 (77.34%)
Total Ticket Income: $1,005,465
Other Income: $402,186
Total Income: $1,407,651



Team Name Goals Shots Shots Attemp Shots Blocked PIM HIT PP PK FO%
Giants 1246378100 / 1 (0%)154%
Jets 2225092181 / 4 (25%)046%

Giants
Player Name POS G A P +/- PIM HIT SHT SB MP PP MP PP SHT PK MP PK SHT FO% FOT
Adam FoxD0000000022:540:0001:5800% 0
Alex OvechkinLW/RW0000012019:121:3610:00014% 7
Alex PietrangeloD0000200419:341:3601:3700% 0
Alexander RomanovD0001000015:370:0000:1800% 0
Chandler StephensonC/LW0000001018:510:0002:29059% 17
El Burrito PeligrosoC/RW0111206018:210:2300:0000% 1
Filip ForsbergC/LW/RW0001003016:050:0000:00067% 3
Jake EvansC/RW000001107:410:0002:430100% 3
Joel EdmundsonD0111220217:390:2302:5000% 0
Kevin FialaLW/RW0000012017:230:2300:13033% 3
Mario FerraroD0000011122:241:3612:1700% 0
Moritz SeiderD0000001021:090:2313:1800% 0
Nikita KucherovRW0000023023:421:3600:0000% 1
Sidney CrosbyC0000001021:361:3603:17061% 18
Timo MeierLW/RW0000220016:210:0000:0000% 0
Tyler ToffoliLW/RW000000005:510:0000:530100% 1
Vincent TrocheckC1011003018:460:2302:43053% 17
Zach WhitecloudD000000005:410:0000:0000% 0
Jets
Player Name POS G A P +/- PIM HIT SHT SB MP PP MP PP SHT PK MP PK SHT FO% FOT
Aleksander BarkovC011-1005025:503:4501:14067% 21
Crabface TinklenutsD0000031328:083:3301:1400% 0
Elias LindholmC/RW0000024019:212:2420:000100% 1
Erik HaulaC/LW000002005:250:0000:00067% 6
J.T. MillerC/LW000-1021018:593:4500:45040% 5
Jacob TroubaD0000010220:313:3301:1400% 0
Jake SandersonD000-1020019:252:3600:4500% 0
Jonas BrodinD011-1010119:052:3600:4500% 0
Joshua MorrisseyD000000006:270:0000:0000% 0
Luke EvangelistaRW0000001017:190:0000:0000% 1
Mark ScheifeleC/RW101-1004025:373:4521:14040% 5
Martin NecasC/RW0000000021:312:2400:45021% 19
Morgan RiellyD0000200215:410:0000:0000% 0
Nikolaj EhlersLW/RW0000001019:212:2400:0000% 0
Pavel ZachaC/LW0000022117:190:0000:0000% 1
Roman JosiD0000000015:420:0000:0000% 0
Sam BennettC/LW/RW0000033017:190:0000:00050% 12
William KarlssonC000000000:000:0000:0000% 0

Giants

5 vs 5 Forward
Line #Left WingCenterRight WingPHYDFOFWanted %Time %Time Play
1Alex OvechkinSidney CrosbyNikita Kucherov1223029%14:52
2Filip ForsbergVincent TrocheckEl Burrito Peligroso1223030%15:40
3Timo MeierChandler StephensonKevin Fiala1223032%16:22
4Tyler ToffoliJake EvansNikita Kucherov1221010%4:58
5 vs 5 Defense
Line #DefenseDefensePHYDFOFWanted %Time %Time Play
1Moritz SeiderAdam Fox1223028%14:30
2Mario FerraroAlex Pietrangelo1223032%16:22
3Alexander RomanovJoel Edmundson1222630%15:19
4Zach WhitecloudAdam Fox1221411%5:41
Power Play Forward
Line #Left WingCenterRight WingPHYDFOFWanted %Time %Time Play
1Alex OvechkinSidney CrosbyNikita Kucherov1225581%1:36
2Kevin FialaVincent TrocheckEl Burrito Peligroso1224519%0:23
Power Play Defense
Line #DefenseDefensePHYDFOFWanted %Time %Time Play
1Moritz SeiderJoel Edmundson1225519%0:23
2Mario FerraroAlex Pietrangelo1224581%1:36
Penalty Kill 4 Players Forward
Line #CenterWingPHYDFOFWanted %Time %Time Play
1Sidney CrosbyChandler Stephenson1225556%3:26
2Vincent TrocheckJake Evans1224544%2:43
Penalty Kill 4 Players Defense
Line #DefenseDefensePHYDFOFWanted %Time %Time Play
1Moritz SeiderJoel Edmundson1225552%3:13
2Mario FerraroAlex Pietrangelo1224548%2:56
Penalty Kill 3 Players
Line #WingPHYDFOFWanted %Time %Time PlayDefenseDefensePHYDFOFWanted %Time %Time Play
1Sidney Crosby122550%0:00 Moritz SeiderJoel Edmundson122550%0:00
2Chandler Stephenson122450%0:00 Mario FerraroAlex Pietrangelo122450%0:00
4 vs 4 Forward
Line #CenterWingPHYDFOFWanted %Time %Time Play
1Sidney CrosbyAlex Ovechkin122550%0:00
2El Burrito PeligrosoKevin Fiala122450%0:00
4 vs 4 Defense
Line #DefensePHYDFOFWanted %Time %Time Play
1Moritz SeiderJoel Edmundson122550%0:00
2Mario FerraroAlex Pietrangelo122450%0:00
Last Minutes Offensive
Left WingCenterRight WingDefenseDefense
Alex OvechkinSidney CrosbyNikita KucherovMoritz SeiderJoel Edmundson
Last Minutes Defensive
Left WingCenterRight WingDefenseDefense
Alex OvechkinSidney CrosbyNikita KucherovMoritz SeiderJoel Edmundson
Time
Total ForwardTotal DefenseLast Minutes OffensiveLast Minutes Defensive
60:00 60:00 0:000:00
Extra Forwards
Normal PowerPlayPenalty Kill
Sidney Crosby, Filip Forsberg, Timo MeierSidney Crosby, Filip ForsbergKevin Fiala
Extra Defensemen
Normal PowerPlayPenalty Kill
Adam Fox, Moritz Seider, Joel EdmundsonAdam Fox, Alex PietrangeloMario Ferraro
Penalty Shots
Nikita Kucherov, Alex Ovechkin, Sidney Crosby, El Burrito Peligroso, Kevin Fiala
Goalie
Juuse Saros, Pyotr Kochetkov
Custom OT Lines Forwards
Nikita Kucherov, Alex Ovechkin, Sidney Crosby, El Burrito Peligroso, Kevin Fiala, Filip Forsberg, Timo Meier, Tyler Toffoli, Vincent Trocheck, Chandler Stephenson
Custom OT Lines Defensemen
Moritz Seider, Joel Edmundson, Mario Ferraro, Alex Pietrangelo, Alexander Romanov
Scratches
Barrett Hayton (Healthy), Alexandre Carrier (Healthy), Taylor Raddysh (Healthy)

Jets

5 vs 5 Forward
Line #Left WingCenterRight WingPHYDFOFWanted %Time %Time Play
1J.T. MillerAleksander BarkovMark Scheifele1223024%12:31
2Nikolaj EhlersMartin NecasElias Lindholm1222832%16:37
3Pavel ZachaSam BennettLuke Evangelista1222633%17:19
4Aleksander BarkovErik HaulaMark Scheifele1221610%5:25
5 vs 5 Defense
Line #DefenseDefensePHYDFOFWanted %Time %Time Play
1Crabface TinklenutsJacob Trouba1223027%13:59
2Jake SandersonJonas Brodin1222830%15:44
3Morgan RiellyRoman Josi1222630%15:42
4Joshua MorrisseyCrabface Tinklenuts1221612%6:27
Power Play Forward
Line #Left WingCenterRight WingPHYDFOFWanted %Time %Time Play
1J.T. MillerAleksander BarkovMark Scheifele1225561%3:45
2Nikolaj EhlersMartin NecasElias Lindholm1224539%2:24
Power Play Defense
Line #DefenseDefensePHYDFOFWanted %Time %Time Play
1Crabface TinklenutsJacob Trouba1225558%3:33
2Jake SandersonJonas Brodin1224542%2:36
Penalty Kill 4 Players Forward
Line #CenterWingPHYDFOFWanted %Time %Time Play
1Aleksander BarkovMark Scheifele1225562%1:14
2J.T. MillerMartin Necas1224538%0:45
Penalty Kill 4 Players Defense
Line #DefenseDefensePHYDFOFWanted %Time %Time Play
1Crabface TinklenutsJacob Trouba1225562%1:14
2Jake SandersonJonas Brodin1224538%0:45
Penalty Kill 3 Players
Line #WingPHYDFOFWanted %Time %Time PlayDefenseDefensePHYDFOFWanted %Time %Time Play
1Aleksander Barkov122550%0:00 Crabface TinklenutsJacob Trouba122550%0:00
2Mark Scheifele122450%0:00 Jake SandersonJonas Brodin122450%0:00
4 vs 4 Forward
Line #CenterWingPHYDFOFWanted %Time %Time Play
1Aleksander BarkovMark Scheifele122550%0:00
2J.T. MillerMartin Necas122450%0:00
4 vs 4 Defense
Line #DefensePHYDFOFWanted %Time %Time Play
1Crabface TinklenutsJacob Trouba122550%0:00
2Jake SandersonJonas Brodin122450%0:00
Last Minutes Offensive
Left WingCenterRight WingDefenseDefense
J.T. MillerAleksander BarkovMark ScheifeleCrabface TinklenutsJacob Trouba
Last Minutes Defensive
Left WingCenterRight WingDefenseDefense
J.T. MillerAleksander BarkovMark ScheifeleCrabface TinklenutsJacob Trouba
Time
Total ForwardTotal DefenseLast Minutes OffensiveLast Minutes Defensive
60:00 60:00 0:000:00
Extra Forwards
Normal PowerPlayPenalty Kill
William Karlsson, Luke Evangelista, Sam BennettWilliam Karlsson, Luke EvangelistaSam Bennett
Extra Defensemen
Normal PowerPlayPenalty Kill
Morgan Rielly, Roman Josi, Joshua MorrisseyMorgan Rielly, Roman JosiJoshua Morrissey
Penalty Shots
Aleksander Barkov, Mark Scheifele, J.T. Miller, Martin Necas, Nikolaj Ehlers
Goalie
Connor Hellebuyck, Scott Wedgewood
Custom OT Lines Forwards
Aleksander Barkov, Mark Scheifele, J.T. Miller, Martin Necas, Nikolaj Ehlers, Elias Lindholm, Luke Evangelista, Sam Bennett, Pavel Zacha, Erik Haula
Custom OT Lines Defensemen
Crabface Tinklenuts, Jacob Trouba, Jake Sanderson, Jonas Brodin, Morgan Rielly
Scratches
Pavel Francouz (Healthy)


Play-by-Play

1st period


0:01 of 1st period - Sidney Crosby wins face-off versus Mark Scheifele in neutral zone.
1:13 of 1st period - Shot by El Burrito Peligroso.
1:13 of 1st period - Stopped by Connor Hellebuyck without a rebound.
1:14 of 1st period - Chandler Stephenson wins face-off versus Sam Bennett in Jets zone.
2:05 of 1st period - Minor Penalty to Timo Meier for Interference.
2:06 of 1st period - Vincent Trocheck wins face-off versus Martin Necas in Giants zone.
2:17 of 1st period - Shot by Elias Lindholm.
2:17 of 1st period - Shot Blocked by Mario Ferraro.
2:19 of 1st period - Shot by Elias Lindholm.
2:19 of 1st period - Stopped by Juuse Saros with a rebound.
2:21 of 1st period - Shot by Jonas Brodin.
2:21 of 1st period - Shot Misses the Net.
2:23 of 1st period - Shot by Elias Lindholm.
2:23 of 1st period - Stopped by Juuse Saros with a rebound.
5:25 of 1st period - Icing by Joshua Morrissey.
5:26 of 1st period - Erik Haula wins face-off versus Kevin Fiala in Jets zone.
5:26 of 1st period - Erik Haula is hit by Kevin Fiala.
6:03 of 1st period - Icing by Elias Lindholm.
6:04 of 1st period - Vincent Trocheck wins face-off versus Martin Necas in Jets zone.
6:15 of 1st period - Icing by Jake Sanderson.
6:16 of 1st period - Vincent Trocheck wins face-off versus Martin Necas in Jets zone.
6:16 of 1st period - Joel Edmundson is hit by Jonas Brodin and loses puck.
7:17 of 1st period - Shot by Luke Evangelista.
7:17 of 1st period - Deflect By Pavel Zacha.
7:17 of 1st period - Stopped by Juuse Saros without a rebound.
7:18 of 1st period - Aleksander Barkov wins face-off versus Chandler Stephenson in Giants zone.
7:41 of 1st period - Shot by Kevin Fiala.
7:41 of 1st period - Shot Misses the Net.
7:43 of 1st period - Shot by Chandler Stephenson.
7:43 of 1st period - Shot Misses the Net.
7:45 of 1st period - Shot by Timo Meier.
7:45 of 1st period - Shot Misses the Net.
7:57 of 1st period - Icing by Adam Fox.
7:58 of 1st period - Chandler Stephenson wins face-off versus Pavel Zacha in Giants zone.
8:06 of 1st period - Chandler Stephenson is hit by Jacob Trouba.
8:13 of 1st period - Icing by Jacob Trouba.
8:14 of 1st period - Sam Bennett wins face-off versus Nikita Kucherov in Jets zone.
8:14 of 1st period - Sam Bennett is hit by Nikita Kucherov.
8:19 of 1st period - Mario Ferraro is hit by Crabface Tinklenuts and loses puck.
8:36 of 1st period - Shot by Nikita Kucherov.
8:36 of 1st period - Shot Misses the Net.
8:38 of 1st period - Shot by Jake Evans.
8:38 of 1st period - Stopped by Connor Hellebuyck without a rebound.
8:39 of 1st period - Vincent Trocheck wins face-off versus Martin Necas in Jets zone.
10:53 of 1st period - Shot by Timo Meier.
10:53 of 1st period - Shot Blocked by Morgan Rielly.
11:11 of 1st period - Shot by Luke Evangelista.
11:11 of 1st period - Shot Misses the Net.
11:55 of 1st period - Shot by Elias Lindholm.
11:55 of 1st period - Shot Misses the Net.
12:07 of 1st period - Shot by Filip Forsberg.
12:07 of 1st period - Stopped by Connor Hellebuyck without a rebound.
12:08 of 1st period - Jake Evans wins face-off versus Mark Scheifele in Jets zone.
12:31 of 1st period - Shot by Mark Scheifele.
12:31 of 1st period - Deflect By Aleksander Barkov.
12:31 of 1st period - Shot Misses the Net.
12:35 of 1st period - Shot by Aleksander Barkov.
12:35 of 1st period - Stopped by Juuse Saros without a rebound.
12:36 of 1st period - Vincent Trocheck wins face-off versus Sam Bennett in Giants zone.
12:48 of 1st period - Off-side.
12:49 of 1st period - Sidney Crosby wins face-off versus Martin Necas in neutral zone.
12:49 of 1st period - Adam Fox is hit by Elias Lindholm and loses puck.
14:23 of 1st period - Shot by J.T. Miller.
14:23 of 1st period - Stopped by Juuse Saros without a rebound.
14:24 of 1st period - Sam Bennett wins face-off versus Chandler Stephenson in Giants zone.
14:41 of 1st period - Joel Edmundson is hit by Sam Bennett and loses puck.
15:03 of 1st period - Off-side.
15:04 of 1st period - Sidney Crosby wins face-off versus Martin Necas in neutral zone.
16:14 of 1st period - Vincent Trocheck is hit by Crabface Tinklenuts and loses puck.
16:21 of 1st period - Shot by Mark Scheifele.
16:21 of 1st period - Shot Misses the Net.
16:27 of 1st period - Shot by Mark Scheifele.
16:27 of 1st period - Stopped by Juuse Saros without a rebound.
16:28 of 1st period - Chandler Stephenson wins face-off versus Sam Bennett in Giants zone.
16:33 of 1st period - Sam Bennett is hit by Timo Meier and loses puck.
16:38 of 1st period - Shot by Timo Meier.
16:38 of 1st period - Shot Misses the Net.
16:59 of 1st period - Minor Penalty to Morgan Rielly for Hooking.
17:00 of 1st period - Aleksander Barkov wins face-off versus Alex Ovechkin in Jets zone.
17:21 of 1st period - Shot by Alex Ovechkin.
17:21 of 1st period - Stopped by Connor Hellebuyck with a rebound.
17:23 of 1st period - Shot by Mario Ferraro.
17:23 of 1st period - Stopped by Connor Hellebuyck without a rebound.
17:24 of 1st period - Vincent Trocheck wins face-off versus Aleksander Barkov in Jets zone.
17:35 of 1st period - Shot by Moritz Seider.
17:35 of 1st period - Shot Misses the Net.
17:37 of 1st period - Shot by Moritz Seider.
17:37 of 1st period - Stopped by Connor Hellebuyck without a rebound.
17:38 of 1st period - Sidney Crosby wins face-off versus J.T. Miller in Jets zone.
18:04 of 1st period - Shot by Alex Ovechkin.
18:04 of 1st period - Shot Misses the Net.
19:03 of 1st period - Shot by Kevin Fiala.
19:03 of 1st period - Shot Misses the Net.
19:05 of 1st period - Shot by Adam Fox.
19:05 of 1st period - Shot Misses the Net.
19:14 of 1st period - Off-side.
19:15 of 1st period - Vincent Trocheck wins face-off versus Martin Necas in neutral zone.
Goals for this period are 0 for Giants vs 0 for Jets.
Shots for this period are 6 for Giants vs 6 for Jets.

2nd period


0:01 of 2nd period - Sidney Crosby wins face-off versus Aleksander Barkov in neutral zone.
0:12 of 2nd period - Shot by Alex Ovechkin.
0:12 of 2nd period - Shot Misses the Net.
0:14 of 2nd period - Shot by Nikita Kucherov.
0:14 of 2nd period - Shot Blocked by Crabface Tinklenuts.
0:36 of 2nd period - Aleksander Barkov is hit by Alex Ovechkin and loses puck.
0:53 of 2nd period - Shot by Timo Meier.
0:53 of 2nd period - Shot Misses the Net.
1:01 of 2nd period - Shot by Chandler Stephenson.
1:01 of 2nd period - Deflect By Kevin Fiala.
1:01 of 2nd period - Shot Misses the Net.
1:03 of 2nd period - Shot by Chandler Stephenson.
1:03 of 2nd period - Stopped by Connor Hellebuyck without a rebound.
1:04 of 2nd period - Filip Forsberg wins face-off versus Martin Necas in Jets zone.
1:31 of 2nd period - Martin Necas is hit by Joel Edmundson and loses puck.
1:52 of 2nd period - Icing by Jonas Brodin.
1:53 of 2nd period - Chandler Stephenson wins face-off versus Martin Necas in Jets zone.
2:22 of 2nd period - Kevin Fiala is hit by Jake Sanderson and loses puck.
4:09 of 2nd period - Shot by Mark Scheifele.
4:09 of 2nd period - Stopped by Juuse Saros without a rebound.
4:10 of 2nd period - Aleksander Barkov wins face-off versus Chandler Stephenson in Giants zone.
4:28 of 2nd period - Icing by Crabface Tinklenuts.
4:29 of 2nd period - Aleksander Barkov wins face-off versus Vincent Trocheck in Jets zone.
5:03 of 2nd period - Shot by El Burrito Peligroso.
5:03 of 2nd period - Stopped by Connor Hellebuyck with a rebound.
5:08 of 2nd period - El Burrito Peligroso is hit by Crabface Tinklenuts and loses puck.
5:16 of 2nd period - Icing by J.T. Miller.
5:17 of 2nd period - Jake Evans wins face-off versus Aleksander Barkov in Jets zone.
6:22 of 2nd period - Off-side.
6:23 of 2nd period - Martin Necas wins face-off versus Vincent Trocheck in neutral zone.
6:25 of 2nd period - Nikolaj Ehlers is hit by Mario Ferraro.
6:49 of 2nd period - Shot by Nikolaj Ehlers.
6:49 of 2nd period - Shot Misses the Net.
7:04 of 2nd period - Minor Penalty to Alex Pietrangelo for Hooking.
7:05 of 2nd period - Sidney Crosby wins face-off versus Aleksander Barkov in Giants zone.
7:28 of 2nd period - Shot by Aleksander Barkov.
7:28 of 2nd period - Deflect By Mark Scheifele.
7:28 of 2nd period - Stopped by Juuse Saros with a rebound.
8:06 of 2nd period - Adam Fox is hit by Elias Lindholm and loses puck.
8:49 of 2nd period - Icing by Jacob Trouba.
8:50 of 2nd period - Mark Scheifele wins face-off versus Sidney Crosby in Jets zone.
8:59 of 2nd period - Chandler Stephenson is hit by J.T. Miller and loses puck.
9:14 of 2nd period - Off-side.
9:15 of 2nd period - Filip Forsberg wins face-off versus Sam Bennett in neutral zone.
10:23 of 2nd period - Shot by Nikita Kucherov.
10:23 of 2nd period - Stopped by Connor Hellebuyck without a rebound.
10:24 of 2nd period - Erik Haula wins face-off versus Chandler Stephenson in Jets zone.
10:40 of 2nd period - Shot by Erik Haula.
10:40 of 2nd period - Deflect By Aleksander Barkov.
10:40 of 2nd period - Stopped by Juuse Saros without a rebound.
10:41 of 2nd period - Sidney Crosby wins face-off versus Martin Necas in Giants zone.
11:04 of 2nd period - Shot by Nikita Kucherov.
11:04 of 2nd period - Shot Misses the Net.
11:43 of 2nd period - Nikita Kucherov is hit by Sam Bennett.
12:25 of 2nd period - Shot by Mark Scheifele.
12:25 of 2nd period - Shot Blocked by Alex Pietrangelo.
12:40 of 2nd period - Shot by J.T. Miller.
12:40 of 2nd period - Shot Blocked by Alex Pietrangelo.
12:58 of 2nd period - Shot by Mark Scheifele.
12:58 of 2nd period - Shot Misses the Net.
13:08 of 2nd period - Shot by El Burrito Peligroso.
13:08 of 2nd period - Shot Misses the Net.
13:12 of 2nd period - Shot by Vincent Trocheck.
13:12 of 2nd period - Goal by Vincent Trocheck - Giants : 1 - Jets : 0.
13:13 of 2nd period - Tyler Toffoli wins face-off versus Martin Necas in neutral zone.
13:47 of 2nd period - Off-side.
13:48 of 2nd period - Vincent Trocheck wins face-off versus Sam Bennett in neutral zone.
14:04 of 2nd period - Shot by Sam Bennett.
14:04 of 2nd period - Stopped by Juuse Saros without a rebound.
14:05 of 2nd period - Chandler Stephenson wins face-off versus Erik Haula in Giants zone.
14:05 of 2nd period - Chandler Stephenson is hit by Erik Haula.
14:26 of 2nd period - Off-side.
14:27 of 2nd period - Vincent Trocheck wins face-off versus Martin Necas in neutral zone.
14:38 of 2nd period - Shot by El Burrito Peligroso.
14:38 of 2nd period - Shot Misses the Net.
14:40 of 2nd period - Shot by Vincent Trocheck.
14:40 of 2nd period - Shot Misses the Net.
14:42 of 2nd period - Shot by Adam Fox.
14:42 of 2nd period - Shot Misses the Net.
14:52 of 2nd period - Shot by El Burrito Peligroso.
14:52 of 2nd period - Stopped by Connor Hellebuyck without a rebound.
14:53 of 2nd period - J.T. Miller wins face-off versus Sidney Crosby in Jets zone.
15:13 of 2nd period - Shot by Aleksander Barkov.
15:13 of 2nd period - Shot Misses the Net.
15:27 of 2nd period - Shot by J.T. Miller.
15:27 of 2nd period - Shot Misses the Net.
16:31 of 2nd period - Icing by Mario Ferraro.
16:32 of 2nd period - Martin Necas wins face-off versus Sidney Crosby in Giants zone.
16:45 of 2nd period - Shot by Elias Lindholm.
16:45 of 2nd period - Shot Misses the Net.
16:49 of 2nd period - Shot by Elias Lindholm.
16:49 of 2nd period - Shot Misses the Net.
17:35 of 2nd period - Shot by Timo Meier.
17:35 of 2nd period - Deflect By Kevin Fiala.
17:35 of 2nd period - Shot Misses the Net.
17:47 of 2nd period - Moritz Seider is hit by Erik Haula.
18:20 of 2nd period - Icing by Jacob Trouba.
18:21 of 2nd period - Mark Scheifele wins face-off versus Vincent Trocheck in Jets zone.
18:42 of 2nd period - Shot by Vincent Trocheck.
18:42 of 2nd period - Shot Blocked by Pavel Zacha.
18:46 of 2nd period - Shot by Filip Forsberg.
18:46 of 2nd period - Stopped by Connor Hellebuyck without a rebound.
18:47 of 2nd period - Martin Necas wins face-off versus El Burrito Peligroso in Jets zone.
19:14 of 2nd period - Icing by Martin Necas.
19:15 of 2nd period - Chandler Stephenson wins face-off versus Martin Necas in Jets zone.
19:51 of 2nd period - Timo Meier is hit by Jake Sanderson and loses puck.
Goals for this period are 1 for Giants vs 0 for Jets.
Shots for this period are 6 for Giants vs 4 for Jets.

3rd period


0:01 of 3rd period - Sidney Crosby wins face-off versus Aleksander Barkov in neutral zone.
0:16 of 3rd period - Shot by Alex Ovechkin.
0:16 of 3rd period - Shot Misses the Net.
1:48 of 3rd period - Shot by Pavel Zacha.
1:48 of 3rd period - Shot Misses the Net.
2:04 of 3rd period - Shot by Jake Sanderson.
2:04 of 3rd period - Shot Blocked by Alex Pietrangelo.
2:22 of 3rd period - Minor Penalty to El Burrito Peligroso for Tripping.
2:23 of 3rd period - Aleksander Barkov wins face-off versus Vincent Trocheck in Giants zone.
2:33 of 3rd period - Aleksander Barkov is hit by Joel Edmundson and loses puck.
3:33 of 3rd period - Shot by Jake Sanderson.
3:33 of 3rd period - Shot Blocked by Joel Edmundson.
5:15 of 3rd period - Shot by Sidney Crosby.
5:15 of 3rd period - Shot Misses the Net.
5:24 of 3rd period - Jonas Brodin is hit by Nikita Kucherov and loses puck.
5:47 of 3rd period - Icing by Joel Edmundson.
5:48 of 3rd period - Sidney Crosby wins face-off versus Erik Haula in Giants zone.
6:07 of 3rd period - Shot by Aleksander Barkov.
6:07 of 3rd period - Stopped by Juuse Saros without a rebound.
6:08 of 3rd period - Sam Bennett wins face-off versus Chandler Stephenson in Giants zone.
6:29 of 3rd period - Shot by Chandler Stephenson.
6:29 of 3rd period - Shot Misses the Net.
7:16 of 3rd period - Shot by Vincent Trocheck.
7:16 of 3rd period - Stopped by Connor Hellebuyck without a rebound.
7:17 of 3rd period - Jake Evans wins face-off versus Martin Necas in Jets zone.
7:18 of 3rd period - Shot by Nikita Kucherov.
7:18 of 3rd period - Shot Misses the Net.
7:24 of 3rd period - Shot by Tyler Toffoli.
7:24 of 3rd period - Shot Blocked by Jacob Trouba.
7:44 of 3rd period - Shot by Jake Evans.
7:44 of 3rd period - Shot Blocked by Crabface Tinklenuts.
8:17 of 3rd period - Shot by El Burrito Peligroso.
8:17 of 3rd period - Stopped by Connor Hellebuyck with a rebound.
8:19 of 3rd period - Shot by Vincent Trocheck.
8:19 of 3rd period - Stopped by Connor Hellebuyck without a rebound.
8:20 of 3rd period - Chandler Stephenson wins face-off versus Mark Scheifele in Jets zone.
8:44 of 3rd period - Minor Penalty to Joel Edmundson for Delaying the game.
8:45 of 3rd period - Aleksander Barkov wins face-off versus Sidney Crosby in Giants zone.
8:54 of 3rd period - Shot by Aleksander Barkov.
8:54 of 3rd period - Shot Blocked by Alex Pietrangelo.
8:56 of 3rd period - Shot by Mark Scheifele.
8:56 of 3rd period - Goal by Mark Scheifele - Giants : 1 - Jets : 1.
8:57 of 3rd period - Sam Bennett wins face-off versus Filip Forsberg in neutral zone.
9:00 of 3rd period - Alexander Romanov is hit by Sam Bennett and loses puck.
9:05 of 3rd period - Shot by Luke Evangelista.
9:05 of 3rd period - Stopped by Juuse Saros without a rebound.
9:06 of 3rd period - Sam Bennett wins face-off versus Sidney Crosby in Giants zone.
9:58 of 3rd period - Off-side.
9:59 of 3rd period - Aleksander Barkov wins face-off versus Vincent Trocheck in neutral zone.
10:04 of 3rd period - Alex Pietrangelo is hit by J.T. Miller and loses puck.
10:25 of 3rd period - Shot by Vincent Trocheck.
10:25 of 3rd period - Shot Misses the Net.
10:29 of 3rd period - Shot by Vincent Trocheck.
10:29 of 3rd period - Shot Blocked by Jonas Brodin.
10:58 of 3rd period - Icing by Joel Edmundson.
10:59 of 3rd period - Kevin Fiala wins face-off versus Martin Necas in Giants zone.
11:10 of 3rd period - Shot by Timo Meier.
11:10 of 3rd period - Shot Misses the Net.
11:26 of 3rd period - Shot by Martin Necas.
11:26 of 3rd period - Deflect By Nikolaj Ehlers.
11:26 of 3rd period - Stopped by Juuse Saros with a rebound.
11:28 of 3rd period - Shot by Crabface Tinklenuts.
11:28 of 3rd period - Shot Misses the Net.
11:30 of 3rd period - Shot by Elias Lindholm.
11:30 of 3rd period - Stopped by Juuse Saros without a rebound.
11:31 of 3rd period - Sam Bennett wins face-off versus Sidney Crosby in Giants zone.
12:22 of 3rd period - Adam Fox is hit by Pavel Zacha and loses puck.
12:53 of 3rd period - Shot by Aleksander Barkov.
12:53 of 3rd period - Shot Misses the Net.
13:09 of 3rd period - Shot by J.T. Miller.
13:09 of 3rd period - Deflect By Aleksander Barkov.
13:09 of 3rd period - Shot Misses the Net.
13:21 of 3rd period - Shot by Alex Pietrangelo.
13:21 of 3rd period - Deflect By El Burrito Peligroso.
13:21 of 3rd period - Stopped by Connor Hellebuyck with a rebound.
13:23 of 3rd period - Shot by Alex Pietrangelo.
13:23 of 3rd period - Shot Blocked by Crabface Tinklenuts.
13:32 of 3rd period - Icing by J.T. Miller.
13:33 of 3rd period - Chandler Stephenson wins face-off versus J.T. Miller in Jets zone.
13:42 of 3rd period - Shot by Kevin Fiala.
13:42 of 3rd period - Stopped by Connor Hellebuyck without a rebound.
13:43 of 3rd period - Martin Necas wins face-off versus Chandler Stephenson in Jets zone.
13:43 of 3rd period - Martin Necas is hit by Timo Meier.
14:47 of 3rd period - Jake Sanderson is hit by Jake Evans and loses puck.
15:46 of 3rd period - Shot by El Burrito Peligroso.
15:46 of 3rd period - Stopped by Connor Hellebuyck without a rebound.
15:47 of 3rd period - Chandler Stephenson wins face-off versus Sam Bennett in Jets zone.
15:48 of 3rd period - Shot by Kevin Fiala.
15:48 of 3rd period - Deflect By Timo Meier.
15:48 of 3rd period - Shot Misses the Net.
16:22 of 3rd period - Shot by Pavel Zacha.
16:22 of 3rd period - Shot Misses the Net.
16:24 of 3rd period - Shot by Sam Bennett.
16:24 of 3rd period - Stopped by Juuse Saros with a rebound.
16:26 of 3rd period - Shot by Luke Evangelista.
16:26 of 3rd period - Shot Blocked by Joel Edmundson.
16:26 of 3rd period - Joel Edmundson from Giants is injured at 16:26 of 3rd period (Sprained Right Finger).
16:27 of 3rd period - Erik Haula wins face-off versus Vincent Trocheck in Giants zone.
16:40 of 3rd period - Shot by Filip Forsberg.
16:40 of 3rd period - Stopped by Connor Hellebuyck with a rebound.
17:32 of 3rd period - Shot by Nikita Kucherov.
17:32 of 3rd period - Deflect By Alex Ovechkin.
17:32 of 3rd period - Shot Misses the Net.
17:42 of 3rd period - Shot by Sam Bennett.
17:42 of 3rd period - Stopped by Juuse Saros with a rebound.
17:44 of 3rd period - Shot by Sam Bennett.
17:44 of 3rd period - Deflect By Pavel Zacha.
17:44 of 3rd period - Stopped by Juuse Saros without a rebound.
17:45 of 3rd period - Aleksander Barkov wins face-off versus Chandler Stephenson in Giants zone.
17:51 of 3rd period - Off-side.
17:52 of 3rd period - Chandler Stephenson wins face-off versus Luke Evangelista in neutral zone.
17:52 of 3rd period - Kevin Fiala is hit by Pavel Zacha and loses puck.
18:15 of 3rd period - Shot by Chandler Stephenson.
18:15 of 3rd period - Shot Misses the Net.
18:17 of 3rd period - Shot by Alexander Romanov.
18:17 of 3rd period - Shot Misses the Net.
18:19 of 3rd period - Shot by Chandler Stephenson.
18:19 of 3rd period - Shot Blocked by Morgan Rielly.
19:02 of 3rd period - Shot by Nikita Kucherov.
19:02 of 3rd period - Shot Misses the Net.
19:20 of 3rd period - Shot by Alex Ovechkin.
19:20 of 3rd period - Stopped by Connor Hellebuyck without a rebound.
19:21 of 3rd period - Erik Haula wins face-off versus Vincent Trocheck in Jets zone.
19:29 of 3rd period - Icing by Adam Fox.
19:30 of 3rd period - Aleksander Barkov wins face-off versus Vincent Trocheck in Giants zone.
19:55 of 3rd period - Shot by El Burrito Peligroso.
19:55 of 3rd period - Shot Blocked by Jacob Trouba.
Goals for this period are 0 for Giants vs 1 for Jets.
Shots for this period are 8 for Giants vs 8 for Jets.

Overtime #1


0:01 of 1st overtime period - Aleksander Barkov wins face-off versus Alex Ovechkin in neutral zone.
0:12 of 1st overtime period - Shot by Aleksander Barkov.
0:12 of 1st overtime period - Stopped by Juuse Saros without a rebound.
0:13 of 1st overtime period - Aleksander Barkov wins face-off versus Alex Ovechkin in Giants zone.
0:22 of 1st overtime period - Shot by Mark Scheifele.
0:22 of 1st overtime period - Shot Misses the Net.
0:28 of 1st overtime period - Shot by Aleksander Barkov.
0:28 of 1st overtime period - Stopped by Juuse Saros without a rebound.
0:29 of 1st overtime period - Aleksander Barkov wins face-off versus Alex Ovechkin in Giants zone.
0:34 of 1st overtime period - Shot by Mark Scheifele.
0:34 of 1st overtime period - Shot Hit the Post.
0:48 of 1st overtime period - Shot by Alex Ovechkin.
0:48 of 1st overtime period - Deflect By Nikita Kucherov.
0:48 of 1st overtime period - Shot Misses the Net.
1:51 of 1st overtime period - Shot by Sidney Crosby.
1:51 of 1st overtime period - Stopped by Connor Hellebuyck without a rebound.
1:52 of 1st overtime period - Elias Lindholm wins face-off versus Alex Ovechkin in Jets zone.
2:11 of 1st overtime period - Shot by Elias Lindholm.
2:11 of 1st overtime period - Stopped by Juuse Saros without a rebound.
2:12 of 1st overtime period - Aleksander Barkov wins face-off versus Sidney Crosby in Giants zone.
2:30 of 1st overtime period - Icing by Mario Ferraro.
2:31 of 1st overtime period - Sidney Crosby wins face-off versus Aleksander Barkov in Giants zone.
3:24 of 1st overtime period - Shot by Nikita Kucherov.
3:24 of 1st overtime period - Stopped by Connor Hellebuyck without a rebound.
3:25 of 1st overtime period - J.T. Miller wins face-off versus Kevin Fiala in Jets zone.
3:49 of 1st overtime period - Shot by Kevin Fiala.
3:49 of 1st overtime period - Stopped by Connor Hellebuyck without a rebound.
3:50 of 1st overtime period - Alex Ovechkin wins face-off versus Aleksander Barkov in Jets zone.
3:55 of 1st overtime period - Shot by Nikita Kucherov.
3:55 of 1st overtime period - Stopped by Connor Hellebuyck without a rebound.
3:56 of 1st overtime period - Aleksander Barkov wins face-off versus Alex Ovechkin in Jets zone.
4:27 of 1st overtime period - Shot by Mark Scheifele.
4:27 of 1st overtime period - Shot Misses the Net.
4:29 of 1st overtime period - Shot by Crabface Tinklenuts.
4:29 of 1st overtime period - Shot Hit the Post.
4:31 of 1st overtime period - Shot by Aleksander Barkov.
4:31 of 1st overtime period - Shot Misses the Net.
4:33 of 1st overtime period - Shot by Crabface Tinklenuts.
4:33 of 1st overtime period - Stopped by Juuse Saros without a rebound.
4:34 of 1st overtime period - Sidney Crosby wins face-off versus J.T. Miller in Giants zone.
Goals for this period are 0 for Giants vs 0 for Jets.
Shots for this period are 4 for Giants vs 4 for Jets.

ShootOut


5:00 of 1st overtime period - Round #1.
5:00 of 1st overtime period - Giants, Nikita Kucherov.
5:00 of 1st overtime period - Stopped by Connor Hellebuyck.
5:00 of 1st overtime period - Jets, Aleksander Barkov.
5:00 of 1st overtime period - Stopped by Juuse Saros.
5:00 of 1st overtime period - Round #2.
5:00 of 1st overtime period - Giants, Alex Ovechkin.
5:00 of 1st overtime period - Shot Misses the Net.
5:00 of 1st overtime period - Jets, Mark Scheifele.
5:00 of 1st overtime period - Goal by Mark Scheifele.
5:00 of 1st overtime period - Round #3.
5:00 of 1st overtime period - Giants, Sidney Crosby.
5:00 of 1st overtime period - Stopped by Connor Hellebuyck.